 Dungeon Crawl Stone Soup version 0.29.1-15-g9cfb28693d (webtiles) character file.

Game seed: 5012496766684681542

1535 Smoke131 the Ruffian (level 8, -4/67 HPs)
             Began as a Green Draconian Transmuter on Feb 22, 2023.
             Was an Initiate of Sif Muna.
             Slain by a vampire mosquito (5 damage)
             ... on level 6 of the Dungeon.
             The game lasted 00:20:36 (7162 turns).

Smoke131 the Ruffian (Green Draconian Transmuter)   Turns: 7162, Time: 00:20:36

Health: -4/67      AC: 15    Str: 14    XL:     8   Next: 55%
Magic:  14/14      EV: 13    Int: 13    God:    Sif Muna [......]
Gold:   257        SH:  0    Dex: 13    Spells: 5/15 levels left

rFire   . . .      SeeInvis .     - Unarmed
rCold   . . .      Faith    .   (no shield)
rNeg    . . .      Spirit   .   (body armour unavailable)
rPois   +          Reflect  .   (helmet currently unavailable)
rElec   .          Harm     .   h - +1 cloak
rCorr   .          Rampage  .   v - +2 pair of gloves
Will    .....                   (boots currently unavailable)
Stlth   +.........              (no amulet)
HPRegen 0.21/turn               f - +4 ring of protection
MPRegen 0.14/turn               (no ring)

@: short of breath, appendages (expiring), on berserk cooldown, slowed, very
slow
A: horns 2, talons 2, breathe noxious fumes, AC +6, unfitting armour, poison
resistance, cold-blooded
a: Breathe Noxious Fumes, End Transformation, Renounce Religion


You were on level 6 of the Dungeon.
You worshipped Sif Muna.
Sif Muna was noncommittal.
You had temporarily grown beastly horns and talons.
You visited 2 branches of the dungeon, and saw 7 of its levels.
You also visited: Sewer.

You collected 257 gold pieces.

Inventory:

Missiles
 y - 2 throwing nets
Armour
 c - a +0 buckler
 h - a +1 cloak (worn)
 o - a +0 pair of boots (melded)
 r - a scarf of resistance
 v - a +2 pair of gloves (worn)
Jewellery
 f - a +4 ring of protection (left hand)
Wands
 k - a wand of paralysis (10)
 l - a wand of iceblast (17)
 D - a wand of flame (18)
Scrolls
 e - a scroll of amnesia
 p - a scroll of poison {unknown}
 t - a scroll of magic mapping {unknown}
 u - 3 scrolls of identify
 w - 3 scrolls of teleportation
 x - a scroll of enchant weapon
 C - a scroll of fog
Potions
 a - 4 potions of lignification
 b - 2 potions of flight
 d - 2 potions of cancellation
 i - 3 potions of magic {unknown}
 j - a potion of brilliance
 m - 3 potions of attraction {unknown}
 n - 2 potions of heal wounds {unknown}
 q - a potion of resistance {unknown}
 s - 3 potions of haste {unknown}
 z - a potion of mutation {unknown}
 A - 2 potions of curing {unknown}
 B - 3 potions of degeneration {unknown}


   Skills:
 + Level 4.7 Fighting
 + Level 4.3 Dodging
 + Level 3.3 Shields
 + Level 5.2 Unarmed Combat
 + Level 4.2 Spellcasting
 + Level 4.6 Transmutations
 + Level 3.1 Poison Magic


You had 5 spell levels left.
You knew the following spells:

 Your Spells              Type           Power      Damage    Failure   Level
a - Beastly Appendage     Tmut           28%        N/A       3%          1
b - Wereblood             Tmut           14%        N/A       4%          2
c - Spider Form           Tmut/Pois      12%        N/A       12%         3
d - Ice Form              Ice/Tmut       8%         N/A       61%         4

Your spell library contained the following spells:

 Spells                   Type           Power      Damage    Failure   Level
 Magic Dart               Conj           8%         1d3       21%         1
 Call Imp                 Summ           2%         N/A       30%         2
 Ensorcelled Hibernation  Hex/Ice        4%         N/A       30%         2
 Sublimation of Blood     Necr           2%         N/A       30%         2
 Mephitic Cloud           Conj/Pois/Air  5%         N/A       36%         3
 Ozocubu's Armour         Ice            2%         N/A       52%         3
 Petrify                  Tmut/Erth      8%         N/A       61%         4
 Anguish                  Hex/Necr       1%         N/A       90%         4
 Fulminant Prism          Conj/Hex       1%         3d6       90%         4
 Iskenderun's Mystic Bla  Conj/Tloc      2%         2d3       90%         4
 Irradiate                Conj/Tmut      4%         3d13      91%         5
 Lee's Rapid Deconstruct  Erth           1%         3d5*      99%         5
 Ozocubu's Refrigeration  Ice            1%         4d7       100%        7


Dungeon Overview and Level Annotations

Branches:
Dungeon (6/15)             Temple (1/1) D:4           Sewer (visited)

Altars:
Ashenzari
Cheibriados
Dithmenos
Elyvilon
Fedhas
Gozag
Hepliaklqana
Kikubaaqudgha
Makhleb
Nemelex Xobeh
Qazlal
Ru
Sif Muna
Uskayaw
Vehumet
Wu Jian
Xom
Yredelemnul
Zin
The Shining One

Shops:
D:6 !

Annotations:
D:6 Pikel


Innate Abilities, Weirdness & Mutations

You have temporarily grown beastly horns and talons.
You can breathe blasts of noxious fumes.
Your lurid green scales are hard. (AC +6)
You cannot fit into any form of body armour.
Your system is resistant to poisons. (rPois)
You are cold-blooded and may be slowed by cold attacks.


Message History

The vampire mosquito bites you.
* * * LOW HITPOINT WARNING * * *
The vampire mosquito draws strength from your injuries!
The orc is engulfed in noxious fumes.
The orc appears confused.
The orc closely misses the vampire mosquito.
A vampire mosquito comes into view.
The vampire mosquito misses you.
A red film seems to cover your vision as you go berserk!
You feel yourself moving faster!
You feel mighty!
The vampire mosquito buzzes angrily.
You hear a shout!
The vampire mosquito closely misses you.
The vampire mosquito barely misses you.
The vampire mosquito bites you but does no damage.
The orc is engulfed in noxious fumes.
The orc appears confused.
The vampire mosquito bites you but does no damage.
You miss the vampire mosquito. Your kick misses the vampire mosquito.
You tail-slap the vampire mosquito!
The vampire mosquito is moderately damaged.
Your transformation is almost over.
The vampire mosquito closely misses you.
The vampire mosquito bites you!
* * * LOW HITPOINT WARNING * * *
The vampire mosquito draws strength from your injuries!
The vampire mosquito attacks as you move away!
The vampire mosquito bites you but does no damage.
You feel a strong urge to attack something.
The vampire mosquito bites you but does no damage.
The vampire mosquito bites you.
* * * LOW HITPOINT WARNING * * *
The vampire mosquito draws strength from your injuries!
You are too berserk!
You feel your anger nearly subside.
You howl as the wereblood boils in your veins!
You are no longer berserk.
You are exhausted.
You feel yourself slow down.
You howl as the wereblood boils in your veins!
Your primal bloodlust has ended.
The vampire mosquito bites you.
You die...

..............## ##.....
...............# #......
....................## ##...#..
...................## #...##..
..................## #..###..
..................# #..# ##.
.................# #..# #.
.................# #.## ##
...............#@## #.## #
........y.....#yy.## #..#
#...........###....### #..#
#........o.##........#####..###
.........##)....####...#......###
........###..)..# ###..........#
.###.#..........# #######.....
###.........## #..##. ##........#
#..###


You could see 2 vampire mosquitoes.

Vanquished Creatures
  Grinder (D:5)
  2 black bears (D:5)
  A centaur (D:6)
  A phantom (D:5)
  An ogre (D:5)
  A lemure (D:5)
  A bullfrog (D:6)
  A necrophage (D:4)
  4 scorpions
  4 orc priests
  A hound (D:5)
  An iguana (D:5)
  2 orc wizards
  A hell rat (Sewer)
  4 gnolls
  10 adders
  3 river rats
  A white imp (D:6)
  2 ufetubi (D:5)
  3 worms
  4 dart slugs
  20 orcs
  6 endoplasms
  8 giant cockroaches
  4 goblins
  5 hobgoblins
  9 jackals
  6 quokkas
  11 ball pythons
  4 bats
  2 frilled lizards
  4 kobolds
  9 rats
137 creatures vanquished.

Vanquished Creatures (others)
  A plant (D:1)
  4 toadstools (D:1)
5 creatures vanquished.

Grand Total: 142 creatures vanquished

Notes
Turn   | Place    | Note
-------+----------+-------------------------------------------
     0 | D:1      | Smoke131 the Draconian Transmuter began the quest for the
                  | Orb.
     0 | D:1      | Reached XP level 1. HP: 16/16 MP: 3/3
   378 | D:1      | Reached XP level 2. HP: 22/23 MP: 3/5
   426 | D:1      | Learned a level 2 spell: Wereblood
   871 | D:1      | Reached XP level 3. HP: 24/29 MP: 6/6
  1095 | D:1      | Found a faded altar of an unknown god.
  1848 | D:2      | Reached XP level 4. HP: 35/36 MP: 7/7
  2681 | D:3      | Noticed a scorpion
  2709 | D:3      | Killed a scorpion
  2710 | D:3      | Reached XP level 5. HP: 30/42 MP: 6/9
  2996 | D:3      | Found a glowing drain.
  3021 | Sewer    | Entered a sewer
  3630 | D:3      | Reached skill level 1 in Shields
  3630 | D:3      | Reached skill level 4 in Unarmed Combat
  3630 | D:3      | Reached XP level 6. HP: 45/51 MP: 10/10
  4082 | D:4      | Found a staircase to the Ecumenical Temple.
  4101 | Temple   | Entered the Ecumenical Temple
  4257 | D:4      | Paralysed by an orc wizard for 5 turns
  4914 | D:4      | Your scales start taking on a lurid green colour.
  4914 | D:4      | Reached XP level 7. HP: 57/57 MP: 12/12
  4914 | D:4      | Gained mutation: Your system is resistant to poisons.
                  | (rPois) [Green Draconian growth]
  5101 | D:4      | Found a glowing silver altar of Zin.
  5279 | D:4      | Learned a level 3 spell: Spider Form
  5280 | D:5      | Entered Level 5 of the Dungeon
  5376 | D:5      | Reached skill level 1 in Poison Magic
  5410 | D:5      | Found an ornate altar of the Wu Jian Council.
  5413 | D:5      | Found a shimmering blue altar of Sif Muna.
  5417 | D:5      | Found an ancient bone altar of Kikubaaqudgha.
  5421 | D:5      | Became a worshipper of Sif Muna the Loreminder
  5567 | D:5      | Learned a level 4 spell: Ice Form
  5991 | D:5      | Reached XP level 8. HP: 66/66 MP: 11/13
  6268 | D:5      | Found an opulent altar of Gozag.
  6277 | D:5      | Found a radiant altar of Vehumet.
  6416 | D:6      | Noticed Pikel
  6489 | D:6      | Noticed Grinder
  6644 | D:5      | Paralysed by Grinder for 4 turns
  6660 | D:5      | Killed Grinder
  6661 | D:5      | Reached skill level 5 in Unarmed Combat
  6911 | D:6      | Found Jeideen's Distillery.
  7160 | D:6      | HP: 2/100 [vampire mosquito (5)]
  7162 | D:6      | Slain by a vampire mosquito

Illustrated notes

Levels and vault maps discovered:
D:1:      ldierk_water_garden, layout_loops_ring, serial_forest,
          infiniplex_forest_lined_corner, infiniplex_forest_side_room,
          infiniplex_forest_clump_tiny, infiniplex_forest_clump_small,
          infiniplex_forest_zigzag_1, infiniplex_forest_lined_2,
          infiniplex_forest_clump_double, infiniplex_forest_clump_long,
          infiniplex_forest_lined_room_3, infiniplex_forest_clump_diagonal,
          ebering_ecumenical_altar_box
D:2:      layout_basic
D:3:      layout_basic, portal_sewer_entry_e
D:4:      layout_cave_pods, kennysheep_mini_moat, temple_fountains,
          minmay_stone_trees_small, nicolae_underground_beach
D:5:      cheibrodos_iron_armory, layout_basic, mainiacjoe_overflow_swirl,
          grunt_temple_overflow_diamond
D:6:      minmay_opposing_rooms, layout_layer_cave, kennysheep_okawaru_gauntlet,
          serial_shops, nicolae_shop_stone, uniq_grinder, uniq_edmund,
          uniq_crazy_yiuf_cottage, uniq_pikel
Temple:   nicolae_temple_two_arcs

Skill      XL: |  1  2  3  4  5  6  7  8 |
---------------+-------------------------+-----
Dodging        | 2 3 4 |  4.3
Fighting       | 2 3 4 |  4.7
Transmutations | 3 4 |  4.6
Spellcasting   | 3 4 |  4.2
Shields        | 1 2 3 |  3.3
Unarmed Combat | 4 5 |  5.2
Poison Magic   | 2 3 |  3.1

Action                   |  1- 3 |  4- 6 |  7- 9 || total
-------------------------+-------+-------+-------++-------
Melee: Unarmed           |   110 |   287 |   163 ||   560
       Tailslap          |    14 |    29 |    28 ||    71
       Kick              |     7 |    23 |    41 ||    71
       Headbutt          |     6 |    19 |    37 ||    62
       Punch             |     5 |     4 |     5 ||    14
 Cast: Beastly Appendage |     5 |    10 |    18 ||    33
       Wereblood         |     1 |     5 |     6 ||    12
 Abil: Breathe Noxious F |       |       |     3 ||     3
  Use: Scroll            |       |    11 |       ||    11
       Potion            |       |       |     1 ||     1
 Stab: Sleeping          |       |     2 |       ||     2
Armor: Skin              |    35 |   126 |   117 ||   278
Dodge: Dodged            |    56 |   173 |   150 ||   379
